 Dungeon Crawl Stone Soup version 0.27.1-34-g3ba077fa99 (webtiles) character file.

Game seed: 17234075826722448192

836 Lobster4 the Skirmisher (level 8, -2/57 (64) HPs)
             Began as a Human Fighter on Jan 17, 2022.
             Slain by a wight (3 damage)
             ... on level 8 of the Dungeon.
             The game lasted 00:12:14 (3828 turns).

Lobster4 the Skirmisher (Human Fighter)             Turns: 3828, Time: 00:12:14

HP:   -2/57 (64)    AC:  9    Str: 18    XL:     8   Next: 19%
MP:   8/8           EV:  7    Int:  8    God:
Gold: 173           SH: 10    Dex: 20    Spells: 7/7 levels left

rFire    + . .     SeeInvis +   a - +2 long sword (flame)
rCold    . . .     Faith    .   c - +0 kite shield
rNeg     . . .     Spirit   .   n - +2 scale mail {rF+}
rPois    .         Reflect  .   (no helmet)
rElec    .         Harm     .   (no cloak)
rCorr    .         Rampage  .   (no gloves)
Will     .....                  (no boots)
Stlth    ..........             (no amulet)
HPRegen  0.19/turn              m - ring of see invisible
MPRegen  0.11/turn              g - +6 ring of dexterity

@: heavily drained
A: no striking features
a: no special abilities


You were on level 8 of the Dungeon.
You visited 1 branch of the dungeon, and saw 6 of its levels.

You collected 173 gold pieces.

Inventory:

Hand Weapons
 a - a +2 long sword of flaming (weapon)
 r - a +3 mace
 s - a +0 long sword
Missiles
 e - 90 stones
 f - 4 javelins
 l - 76 arrows
 o - 9 atropa-tipped darts (quivered)
 p - 23 bolts
 q - 31 sling bullets
Armour
 c - a +0 kite shield (worn)
 n - a +2 scale mail of fire resistance (worn)
Jewellery
 g - a +6 ring of dexterity (right hand)
 m - a ring of see invisible (left hand)
Wands
 b - a wand of polymorph (5)
Scrolls
 j - a scroll of enchant weapon
 v - a scroll of brand weapon {unknown}
 x - a scroll of vulnerability {unknown}
Potions
 z - a potion of brilliance


   Skills:
 * Level 6.1 Fighting
 + Level 4.1 Long Blades
 - Level 2.0 Throwing
 + Level 4.7 Armour
 + Level 4.7 Shields


You had 7 spell levels left.
You didn't know any spells.
Your spell library contained the following spells:

 Spells                   Type           Power      Damage    Failure   Level
 Animate Skeleton         Necr           0%         N/A       99%         1
 Pain                     Necr           0%         1d4       99%         1
 Vampiric Draining        Necr           0%         2d6       100%        3


Dungeon Overview and Level Annotations

Branches:
Dungeon (5/15)               Lair (0/6) D:8
 Temple: D:4-7

Altars:
Gozag
Trog
Wu Jian
The Shining One

Shops:
D:3 [

Annotations:
D:4 3 runed translucent doors, exclusion: two-headed ogre, rozman's ghost, amateur MfIE
D:8 Grum


Message History

As you read the scroll labelled UFIYL FEYLEODD, it crumbles to dust.
The scroll dissolves into smoke.
It was a scroll of fog.
The wight barely misses you. The wight hits you but does no damage.
You block the wight's attack. The wight hits you with a +2 flail.
You block the jelly's attack.
You barely miss the jelly.
The wight hits you with a +2 morningstar.
The wight hits you with a +0 morningstar!
You feel drained. The wight closely misses you. You block the jelly's attack.
You hit the jelly. You burn the jelly.
Your hands burn!
The jelly is moderately wounded.
The wight barely misses you. You block the jelly's attack.
The wight barely misses you. The wight hits you with a +2 flail.
You feel drained. You block the jelly's attack.
As you read the scroll labelled VOXKOXZ NOYT ANIM, it crumbles to dust.
You feel aware of your surroundings.
You sensed 1 altar.
It was a scroll of magic mapping.
The wight hits you with a +2 morningstar!
* * * LOW HITPOINT WARNING * * *
You feel drained.
* * * LOW HITPOINT WARNING * * *
You block the wight's attack. The wight hits you but does no damage.
The jelly barely misses you.
You riposte.
You slash the jelly! You burn the jelly.
The jelly is almost dead.
As you read the scroll labelled HANGEN HIKHITZ, it crumbles to dust.
Your body is wracked with pain!
* * * LOW HITPOINT WARNING * * *
It was a scroll of torment.
The wight hits you with a +2 morningstar.
* * * LOW HITPOINT WARNING * * *
You feel drained.
* * * LOW HITPOINT WARNING * * *
You block the wight's attack. The wight hits you but does no damage.
The jelly hits you but does no damage.
You feel better.
The wight hits you with a +2 morningstar!
* * * LOW HITPOINT WARNING * * *
You feel drained.
You die...

***** ******** *,* ,,,,* *,,,,,,*
*.#### ,,,,***,,,,,.#* *....*
,,,,,,,,,,,,,.####...,******
,,,,,,,,,,,,,,......,,,,,,>******
,,,,,,,,,,,,,,#....#******,*,,,,,
,,,,,,,,,,,,,,#§§§§######*,*,****
,,,,,,,*,**,*,#§J§§......*,*,* *,
,,,,,,,*,,,,*,*#@z§......,,,,* *,
****,*,******,*#zz§......,,,,* *,
,,*,,,,,,,,<*,*#z§§......,,,,* *,
,,*,,,,****,,,,#§§§.####.*,*,* *,
,**,,,,,,,,,,,,#....#* *,*,*,* *,
,,,,,,,,,,,,,,,......# *,*,*,* *,
,,,,**,,,,,,,,.......# *,*,*,* *,
,,,,**,,,,,,,,.......# *,*,*,* *,
,,,,**,,,,,,,........# *,*,*,* *,


You could see a jelly and 4 wights.

Vanquished Creatures
  A water moccasin (D:8)
  Purgy (D:3)
  2 black bears
  A scorpion (D:4)
  A centaur zombie (D:8)
  A crimson imp (D:4)
  A jelly (D:5)
  3 hounds
  A centaur skeleton (D:4)
  A hell rat (D:8)
  6 adders
  A worm (D:2)
  A dart slug (D:1)
  6 orcs
  4 bats
  7 endoplasms
  4 giant cockroaches
  11 goblins
  9 hobgoblins
  5 jackals
  7 kobolds
  A quokka (D:8)
  8 ball pythons
  6 frilled lizards
  2 goblin skeletons (D:4)
  A goblin zombie (D:4)
  2 kobold skeletons (D:4)
  A kobold zombie (D:4)
  An orc skeleton (D:4)
  2 orc zombies (D:4)
  7 rats
105 creatures vanquished.

Vanquished Creatures (others)
  8 plants (D:4)
8 creatures vanquished.

Grand Total: 113 creatures vanquished

Notes
Turn   | Place    | Note
-------+----------+-------------------------------------------
     0 | D:1      | Lobster4 the Human Fighter began the quest for the Orb.
     0 | D:1      | Reached XP level 1. HP: 18/18 MP: 1/1
   402 | D:1      | Reached XP level 2. HP: 22/24 MP: 2/2
   619 | D:1      | Reached XP level 3. HP: 29/29 MP: 3/3
  1245 | D:2      | Reached XP level 4. HP: 37/37 MP: 4/4
  1960 | D:3      | Noticed Purgy
  1974 | D:3      | Killed Purgy
  1975 | D:3      | Reached skill level 4 in Fighting
  1975 | D:3      | Reached XP level 5. HP: 17/43 MP: 5/5
  2162 | D:3      | Found Ydara's Antique Armour Shoppe.
  2216 | D:3      | Found an ornate altar of the Wu Jian Council.
  2279 | D:3      | Found a bloodstained altar of Trog.
  2435 | D:3      | Reached XP level 6. HP: 49/49 MP: 6/6
  2673 | D:4      | Found a glowing golden altar of the Shining One.
  2772 | D:4      | Reached skill level 5 in Fighting
  2825 | D:4      | Noticed a two-headed ogre
  3005 | D:4      | Reached XP level 7. HP: 25/56 MP: 7/7
  3005 | D:4      | Identified the +7 dagger "Qikek" {drain, +Blink Str-5
                  | Int+4}
  3358 | D:4      | Found a runed translucent gate.
  3358 | D:4      | Found a runed translucent gate.
  3358 | D:4      | Found a runed translucent gate.
  3358 | D:4      | Found an opulent altar of Gozag.
  3360 | D:4      | Noticed rozman's ghost (amateur MfIE)
  3484 | D:5      | Entered Level 5 of the Dungeon
  3509 | D:4      | Reached skill level 1 in Throwing
  3604 | D:5      | You fall into a shaft and drop 3 floors!
  3611 | D:8      | Noticed a water moccasin
  3625 | D:8      | Killed a water moccasin
  3637 | D:8      | Reached XP level 8. HP: 41/64 MP: 8/8
  3784 | D:8      | Reached skill level 6 in Fighting
  3806 | D:8      | Noticed a death yak
  3807 | D:8      | Found a staircase to the Lair.
  3807 | D:8      | Noticed a death yak
  3807 | D:8      | Noticed Grum
  3807 | D:8      | Noticed a death yak
  3827 | D:8      | HP: 3/60 [wight (4)]
  3827 | D:8      | HP: 1/59 [wight (2)]
  3828 | D:8      | Slain by a wight

Illustrated notes

Levels and vault maps discovered:
D:1:      dpeg_arrival_simpleton_a, layout_basic
D:2:      layout_loops_ring
D:3:      layout_basic, mainiacjoe_overflow_two_lobes, serial_shops, shop,
          grunt_ministairs_14, uniq_purgy
D:4:      cheibrodos_old_hovel, layout_loops_cross,
          nicolae_tso_besieged_by_evil, nicolae_hepliaklqana_monster_ancestors,
          ebering_ghost_gozag, kennysheep_dice
D:5:      layout_gridville, jmf_multi_god_temple2
D:8:      layout_basic, mainiacjoe_overflow_alcove_1, dpeg_lair_monsters,
          uniq_pikel, uniq_grum, uniq_erica

Skill      XL: |  1  2  3  4  5  6  7  8 |
---------------+-------------------------+-----
Fighting       | 4 5 6 |  6.1
Long Blades    | 3 4 |  4.1
Shields        | 4 |  4.7
Armour         | 4 |  4.7
Throwing       | 2 |  2.0

Action                   |  1- 3 |  4- 6 |  7- 9 || total
-------------------------+-------+-------+-------++-------
Melee: Long sword        |   110 |   175 |    67 ||   352
Throw: Dart              |       |       |    13 ||    13
  Use: Potion            |       |     2 |     2 ||     4
       Scroll            |       |     5 |     6 ||    11
Armor: Scale mail        |    77 |    95 |    37 ||   209
       Skin              |       |       |    57 ||    57
Dodge: Dodged            |    43 |    65 |    22 ||   130
Block: Kite shield       |    92 |    93 |    65 ||   250
       Rpst.: Long sword |    14 |    19 |     7 ||    40
